 Dungeon Crawl Stone Soup version 0.27.1-1-g398f81649c (webtiles) character file.

Game seed: 13086338366010935888

24 acemry the Changer (level 3, 0/23 HPs)
             Began as an Octopode Transmuter on Sept 5, 2021.
             Slain by a kobold (5 damage)
             ... on level 1 of the Dungeon.
             The game lasted 00:01:54 (861 turns).

acemry the Changer (Octopode Transmuter)             Turns: 861, Time: 00:01:55

Health: 0/23       AC:  1    Str:  9    XL:     3   Next: 2%
Magic:  3/6        EV: 13    Int: 16    God:
Gold:   3          SH:  0    Dex: 12    Spells: 5/6 levels left

rFire    . . .     SeeInvis .     - Unarmed
rCold    . . .     Faith    .   (no shield)
rNeg     . . .     Spirit   .   (helmet currently unavailable)
rPois    .         Reflect  .   (no amulet)
rElec    .         Harm     .   (no ring)
rCorr    .         Rampage  .   (no ring)
Will     .....                  (no ring)
Stlth    ++........             (no ring)
HPRegen  0.07/turn              (no ring)
MPRegen  0.10/turn              (no ring)
                                (no ring)
                                (no ring)

@: appendages
A: tentacle spike 3, almost no armour, amphibious, 8 rings, camouflage 1,
gelatinous body 1, (nimble swimmer 1), tentacles
a: End Transformation


You were on level 1 of the Dungeon.
One of your tentacles had grown a beastly spike.
You visited 1 branch of the dungeon, and saw 1 of its levels.

You collected 36 gold pieces.
You spent 33 gold pieces at shops.

Inventory:

Magical Staves
 d - a staff of death
Scrolls
 b - a scroll of fear {unknown}
Potions
 a - 2 potions of curing
 c - a potion of might {unknown}
 e - a potion of haste {unknown}


   Skills:
 - Level 1.0 Fighting
 - Level 2.0 Dodging
 - Level 3.0 Unarmed Combat
 - Level 2.0 Spellcasting
 + Level 3.4 Transmutations


You had 5 spell levels left.
You knew the following spells:

 Your Spells              Type           Power      Damage    Failure   Level
a - Beastly Appendage     Tmut           24%        N/A       4%          1

Your spell library contained the following spells:

 Spells                   Type           Power      Damage    Failure   Level
 Wereblood                Tmut           12%        N/A       8%          2
 Spider Form              Tmut/Pois      3%         N/A       30%         3
 Ice Form                 Ice/Tmut       7%         N/A       71%         4


Dungeon Overview and Level Annotations

Branches:
Dungeon (1/15)

Altars:

Shops:
D:1 !


Innate Abilities, Weirdness & Mutations

One of your tentacles has grown a beastly spike.
You cannot wear most types of armour.
You are amphibious.
You can wear up to eight rings at the same time.
Your skin changes colour to match your surroundings (Stealth+).
Your rubbery body absorbs attacks. (AC +1, EV +1)
((You are camouflaged near water. (Stealth+)))
You have tentacles for arms and can constrict up to eight enemies at once.


Message History

You pierce the quokka, but do no damage.
Your squeeze misses the quokka.
The quokka is almost dead.
The quokka barely misses you.
You barely miss the quokka. You grab the quokka.
You pierce the quokka.
You kill the quokka!
The endoplasm freezes you.
You are frozen.
You tentacle-slap the endoplasm.
The endoplasm is heavily wounded.
The endoplasm misses you.
The kobold throws a stone.
The stone hits you.
You tentacle-slap the endoplasm.
The endoplasm is severely wounded.
The endoplasm closely misses you.
You tentacle-slap the endoplasm.
You kill the endoplasm!
You barely miss the kobold. Your grab misses the kobold.
Your tentacle spike misses the kobold.
Your squeeze misses the kobold. The kobold barely misses you.
You extend your transformation's duration.
The endoplasm freezes you.
You are frozen.
The kobold hits you with a +0 short sword.
* * * LOW HITPOINT WARNING * * *
You are too injured to fight recklessly!
You are too injured to fight recklessly!
You are too injured to fight recklessly!
You tentacle-slap the endoplasm.
You pierce the endoplasm.
You kill the endoplasm!
You have reached level 3!
Your experience leads to an increase in your attributes!
Increase (S)trength, (I)ntelligence, or (D)exterity?
You feel clever.
You are too injured to fight recklessly!
Casting: Beastly Appendage (safe; 4% risk of failure)
Confirm with . or Enter, or press ? or * to list all spells.
You extend your transformation's duration.
The kobold throws a stone.
The stone misses you.
The kobold hits you with a +0 short sword.
You die...

.....?..# #........##)#
#..†..# #............
#.....# #.......#.#..
#.....# #.........##.
#.....# #.......####.
#.†...####....∩..#....
#................#.###
#####K###........#
#@#.#........#
#.#.#.#....#.#
#.#.#.#.#....#
#######.#...#.#.####
#(......#.#........#
######.#########.#.#.#.##
#......#.........#.#.#.#
#.#....#.#######...#.# .
#.#.#.##.#.####..###.# ##


You could see a kobold.

Vanquished Creatures
  5 endoplasms (D:1)
  A giant cockroach (D:1)
  A hobgoblin (D:1)
  3 jackals (D:1)
  2 quokkas (D:1)
  3 ball pythons (D:1)
  A bat (D:1)
  2 goblins (D:1)
  A kobold (D:1)
  A rat (D:1)
20 creatures vanquished.

Notes
Turn   | Place    | Note
-------+----------+-------------------------------------------
     0 | D:1      | acemry the Octopode Transmuter began the quest for the Orb.
     0 | D:1      | Reached XP level 1. HP: 13/13 MP: 3/3
   331 | D:1      | Reached XP level 2. HP: 15/18 MP: 3/5
   373 | D:1      | Found Moil's Distillery.
   617 | D:1      | Bought a potion of curing for 33 gold pieces
   860 | D:1      | Reached XP level 3. HP: 5/23 MP: 4/6
   861 | D:1      | Slain by a kobold

Illustrated notes

Levels and vault maps discovered:
D:1:      mrwooster_arrival_statue_2, layout_basic, serial_shops, shop

Skill      XL: |  1  2 |
---------------+-------+-----
Transmutations | 3 |  3.4
Fighting       | |  1.0
Dodging        | |  2.0
Unarmed Combat | |  3.0
Spellcasting   | |  2.0

Action                   || total
-------------------------++-------
Melee: Unarmed           ||    50
       Constrict         ||    12
       Kick              ||    10
       Tentacles         ||    10
 Cast: Beastly Appendage ||    16
 Stab: Sleeping          ||     2
Armor: Skin              ||     2
Dodge: Dodged            ||    46
